Oats, chaotic male elven Priest W---- |@[f| |.Y.W |f..| |.f.. ----- Oats the Acolyte Experience level: 5 Strength: 18 Dexterity: 9 Constitution: 16 Intelligence: 8 Wisdom: 19 Charisma: 12 Health: 0(40) Energy: 76(76) Def: 7 Gold: 130 Moves: 3442 Dungeon seed: 6Qh5HBqrqPHMcTOU Game ID: Oats_1614434305 Your Inventory: Coins $ - 130 gold pieces Weapons a - a blessed +1 mace m - a +0 crossbow C - 14 cursed +0 crossbow bolts Q - a +0 dagger X - a +0 aklys (weapon in hand) Z - a +0 dwarvish mattock Armor e - a +0 robe (being worn) n - a burnt +0 small shield r - a +0 pair of low boots (being worn) M - a blessed +0 dwarvish iron helm (being worn) N - a +0 leather armor (being worn) Comestibles c - a clove of garlic d - a sprig of wolfsbane j - 2 food rations D - a cursed clove of garlic Scrolls h - a scroll of enchant armor i - 2 scrolls of blank paper o - a cursed scroll of blank paper G - a cursed scroll of earth Spellbooks f - a spellbook of detect monsters g - a spellbook of remove curse p - a spellbook of create monster Potions b - a potion of holy water I - a cursed potion of gain ability Rings l - a ring of regeneration (on left hand) v - a ring of see invisible (on right hand) J - a cursed ring of aggravate monster Wands w - a cursed wand of cold (0:7) Tools x - 8 tallow candles (0:200) K - a leash V - an oil lamp (0:1087) Gems y - a worthless piece of white glass z - 4 worthless pieces of black glass E - a flint stone Y - 2 worthless pieces of yellowish brown glass Spells and supernatural/magical abilities: Name Level Category Fail Memory h - healing 1 healing 0% 94% n - detect monsters 1 divination 0% 83% r - remove curse 3 clerical 0% 83% B - cure blindness 2 healing 24% 95% W - pray for help -- divine ? -- X - turn undead -- divine ? -- Your skills at the end: Fighting Skills Weapon Skills mace [Basic] Spellcasting Skills clerical spells [Basic] Final Attributes: You were piously aligned. You were sleep resistant. You saw invisible. You had infravision. You regenerated. You were lucky. You are dead. Vanquished creatures: 2 leprechauns a dingo 3 gnome lords a paper golem 2 giant ants a kitten 2 dwarves 2 hill orcs a rothe a giant bat 2 iguanas 3 hobbits a hobgoblin a giant rat a brown mold a yellow mold 5 gnomes 4 geckos 4 jackals 2 foxes 2 kobolds 3 goblins 6 grid bugs 6 lichens 2 kobold zombies 8 newts 67 creatures vanquished. Voluntary challenges: You had been an atheist until turn 2055. You used a wielded weapon 96 times, starting on turn 3. You read items or engraved 7 times, starting on turn 847. You never genocided any monsters. You never polymorphed an object. You never changed form. You used no wishes. You never split a pudding. You never wrote Elbereth's name. You never violated your personal moral code. Dungeon overview: The Dungeons of Doom: levels 1 to 5 Level 1 some fountains a long staircase Level 2 a general store Level 3 Level 4 a scroll shop, a fountain, a sink stairs to The Gnomish Mines Level 5 <- You were here The Gnomish Mines: Level 5 stairs to The Dungeons of Doom History has recorded: On T:1 you entered the Dungeons of Doom to retrieve the Amulet of Yendor! On T:195 you advanced to experience level 2. On T:493 you reached level 2 of The Dungeons of Doom. On T:1116 you advanced to experience level 3. On T:1242 you reached level 3 of The Dungeons of Doom. On T:1661 you reached level 4 of The Dungeons of Doom. On T:1960 you advanced to experience level 4. On T:2026 you reached level 1 of The Gnomish Mines. On T:2447 you advanced to experience level 5. On T:3438 you reached level 5 of The Dungeons of Doom. Score breakdown: Gold: 130 ( 7202 points) Experience: 5 levels (11141 points) Exploration: 5 levels ( 9.62%) ( 8401 points) Discoveries: 12 items ( 4.20%) ( 6145 points) Valuables value: (no points given unless you survive) Artifact value: 0 ( 0 points) Variety of kills: 26 monsters ( 6.82%) ( 7836 points) Turncount: 3442 turns ( -803 points) Survival: died (score multiplied by 80%) Total score: 31937 Latest messages: Never mind. Qwerty devours a tripe ration. Pixel misses Qwerty. Qwerty bites Pixel. The yeti hits! The yeti misses. (2x) You miss the yeti. Pixel misses Qwerty. Qwerty misses Pixel. The yeti misses. (2x) The yeti bites! Pixel bites Qwerty. The yeti hits! (2x) The yeti bites! You hit the yeti. The yeti hits! (2x) The yeti bites! You hit the yeti. Pixel misses Qwerty. The yeti hits! (2x) The yeti bites! You die... Final status: Goodbye Oats the Priest, killed by a yeti... You died in The Dungeons of Doom on dungeon level 5 with 31937 points, and 130 pieces of gold, after 3442 moves. You were level 5 with a maximum of 40 hit points when you died.